 Dungeon Crawl Stone Soup version 0.29-a0-555-g3b24f45cc1 (webtiles) character file.

Game seed: 5629048556984299772

2 vulpzor the Stinger (level 1, -3/11 HPs)
             Began as an Octopode Venom Mage on June 8, 2022.
             Slain by a hobgoblin (5 damage)
             ... on level 1 of the Dungeon.
             The game lasted 00:00:56 (100 turns).

vulpzor the Stinger (Octopode Venom Mage)            Turns: 100, Time: 00:00:57

Health: -3/11      AC:  1    Str:  7    XL:     1   Next: 40%
Magic:  1/3        EV: 13    Int: 17    God:
Gold:   8          SH:  0    Dex: 12    Spells: 3/4 levels left

rFire   . . .      SeeInvis .   (no weapon)
rCold   . . .      Faith    .   (no shield)
rNeg    . . .      Spirit   .   (helmet restricted)
rPois   .          Reflect  .   (no amulet)
rElec   .          Harm     .   (no ring)
rCorr   .          Rampage  .   (no ring)
Will    .....                   (no ring)
Stlth   +++.......              (no ring)
HPRegen 0.03/turn               (no ring)
MPRegen 0.08/turn               (no ring)
                                (no ring)
                                (no ring)

@: no status effects
A: almost no armour, amphibious, 8 rings, camouflage 1, gelatinous body 1,
(nimble swimmer 1), tentacles
a: no special abilities


You were on level 1 of the Dungeon.
You visited 1 branch of the dungeon, and saw 1 of its levels.

You collected 8 gold pieces.

Inventory:

Potions
 a - a potion of magic
 b - a potion of mutation {unknown}
 c - 2 potions of attraction {unknown}
 d - a potion of lignification {unknown}


   Skills:
 + Level 2.0 Dodging
 + Level 2.8 Stealth
 + Level 2.0 Spellcasting
 + Level 1.0 Transmutations
 + Level 3.8 Poison Magic


You had 3 spell levels left.
You knew the following spells:

 Your Spells              Type           Power      Damage    Failure   Level
a - Sting                 Tmut/Pois      36%        1d4       7%          1

Your spell library contained the following spells:

 Spells                   Type           Power      Damage    Failure   Level
 Poisonous Vapours        Pois/Air       16%        N/A       13%         2
 Mephitic Cloud           Conj/Pois/Air  6%         N/A       34%         3
 Olgreb's Toxic Radiance  Pois           14%        N/A       36%         4


Dungeon Overview and Level Annotations

Branches:
Dungeon (1/15)

Altars:


Innate Abilities, Weirdness & Mutations

You cannot wear most types of armour.
You are amphibious.
You can wear up to eight rings at the same time.
Your skin changes colour to match your surroundings (Stealth+).
Your rubbery body absorbs attacks. (AC +1, EV +1)
((You are camouflaged when in or above water. (Stealth+)))
You have tentacles for arms and can constrict up to eight enemies at once.


Message History

A giant cockroach comes into view.
The sting hits the rat.
The rat is poisoned.
You kill the rat!
You see here a +0 mace.
You see here 2 fuming grey potions.
c - 2 fuming grey potions The sting hits the giant cockroach.
The giant cockroach is poisoned.
The giant cockroach is moderately wounded.
You barely miss the giant cockroach. Your grab misses the giant cockroach.
The giant cockroach is heavily wounded.
The giant cockroach completely misses you.
The giant cockroach closely misses you.
The sting hits the giant cockroach but does no damage.
The giant cockroach looks even sicker.
The giant cockroach is almost dead.
You kill the giant cockroach!
d - a bubbling pink potion
Found 3 gold pieces.
You see here a rat corpse.
There is a stone staircase leading down here.
A frilled lizard and a hobgoblin come into view.
You see here 3 gold pieces.
The sting hits the hobgoblin.
The hobgoblin is poisoned.
The hobgoblin is moderately wounded.
The sting misses the hobgoblin.
The hobgoblin hits you.
You miscast Sting.
You are very lightly contaminated with residual magic.
Nothing appears to happen.
The hobgoblin hits you.
You are too injured to fight recklessly!
The frilled lizard hisses angrily.
The hobgoblin misses you.
There is a stone staircase leading down here.
The hobgoblin looks more healthy.
The hobgoblin hits you.
* * * LOW HITPOINT WARNING * * *
The frilled lizard barely misses you.
Your magical contamination has completely faded away.
The frilled lizard closely misses you.
The frilled lizard unfolds its giant frill.
The hobgoblin hits you.
You die...

#.... ### ##.### ..# #..#
#.# .. ##.## #.# #. #..#
### #.# .## #.##
.....###.### ..# ##.#
#...$...#######.#####..#
#####..>##l@..........##
###...g####.###..##
##...†........##
......^....###.#####
........#.####..###########
.....#....................#
.....##..######....)†.....#
.... ##.# ##..........# ###
....## #..........#


You could see a hobgoblin and a frilled lizard.

Vanquished Creatures
  A giant cockroach (D:1)
  2 rats (D:1)
3 creatures vanquished.

Notes
Turn   | Place    | Note
-------+----------+-------------------------------------------
     0 | D:1      | vulpzor the Octopode Venom Mage began the quest for the
                  | Orb.
     0 | D:1      | Reached XP level 1. HP: 11/11 MP: 3/3
   100 | D:1      | Slain by a hobgoblin

Illustrated notes

Levels and vault maps discovered:
D:1:      heliophobic_arrival_battle_scene, layout_rooms

Action                   || total
-------------------------++-------
Melee: Unarmed           ||     1
 Cast: Sting             ||     6
  Use: Scroll            ||     1
Dodge: Dodged            ||     5

Table legend: (Time is in decaauts)
 A = Elapsed time spent in this place.
 B = Non-inter-level travel time spent in this place.
 C = Inter-level travel time spent in this place.
 D = Time resting spent in this place.
 E = Time spent auto-exploring this place.
 F = Levels seen in this place.
 G = Mean time per level.
                   A        B        C        D        E       F      G
               +--------+--------+--------+--------+--------+-----+--------+
         Total |    100 |    100 |      0 |      0 |      3 |   1 |  100.0 |
       Dungeon |    100 |    100 |      0 |      0 |      3 |   1 |  100.0 |
               +--------+--------+--------+--------+--------+-----+--------+

Top non-repeatable levels by time:
     D:1: 100 daAuts
